 Dungeon Crawl Stone Soup version 0.25-a0-424-g80bd347ae0 (webtiles) character file.

Game seed: 9750784119743839798, levelgen mode: deterministic

3310 zorance the Tainter (level 10, -12/94 HPs)
             Began as an Ogre Venom Mage on Jan 21, 2020.
             Was an Initiate of Ashenzari.
             Killed from afar by Harold (23 damage)
             ... with a bolt of acid
             ... on level 7 of the Dungeon.
             The game lasted 00:28:35 (11776 turns).

zorance the Tainter (Ogre Venom Mage)              Turns: 11776, Time: 00:28:35

Health: -12/94     AC:  5    Str: 14    XL:     10   Next: 1%
Magic:  17/22      EV: 13    Int: 19    God:    Ashenzari [......]
Gold:   302        SH:  0    Dex:  9    Spells: 12/25 levels left

rFire    . . .     SeeInvis .   p - +1 whip (elec)
rCold    . . .     Gourm    .   (no shield)
rNeg     . . .     Faith    .   a - +0 robe
rPois    +         Spirit   .   (helmet restricted)
rElec    .         Reflect  .   A - +1 cloak
rCorr    .         Harm     .   (gloves unavailable)
MR       +....                  (boots unavailable)
Stlth    +.........             C - amulet of magic regeneration
HPRegen  0.25/turn              f - ring of poison resistance
MPRegen  0.43/turn              u - +3 ring of evasion

@: very slightly contaminated
A: large, unfitting armour, tough skin 1
a: Curse Item, Renounce Religion


You were on level 7 of the Dungeon.
You worshipped Ashenzari.
Ashenzari was noncommittal.
You were not hungry.

You visited 1 branch of the dungeon, and saw 7 of its levels.

You collected 302 gold pieces.

Inventory:

Hand Weapons
 p - a +1 whip of electrocution (weapon)
Missiles
 d - 269 stones (quivered)
 F - a throwing net
Armour
 a - a +0 robe (worn)
 o - a +0 large shield
 y - a +0 cloak of invisibility
 A - a +1 cloak (worn)
Jewellery
 f - a ring of poison resistance (left hand)
 t - an uncursed ring of see invisible
 u - a +3 ring of evasion (right hand)
 C - an amulet of magic regeneration (around neck)
Wands
 j - a wand of random effects (33)
 w - a wand of clouds (5)
 x - a wand of iceblast (7)
Scrolls
 c - 2 scrolls of immolation {unknown}
 g - 2 scrolls of magic mapping {unknown}
 i - 2 scrolls of blinking
 l - a scroll of torment {unknown}
 q - 3 scrolls of fog
 r - a scroll of enchant armour {unknown}
 s - a scroll of teleportation {unknown}
 v - 3 scrolls of remove curse
 D - a scroll of amnesia {unknown}
 I - a scroll of enchant weapon {unknown}
Potions
 b - a potion of cancellation
 h - a potion of ambrosia
 k - a potion of heal wounds
 m - 2 potions of lignification
 n - 2 potions of curing
 z - a potion of berserk rage {unknown}
 B - a potion of haste {unknown}
 E - a potion of agility {unknown}
 H - a potion of degeneration {unknown}
Comestibles
 e - 5 rations
 G - 8 chunks of flesh


   Skills:
 + Level 4.3 Fighting
 * Level 4.4 Maces & Flails
 - Level 1.7 Dodging
 - Level 1.4 Stealth
 + Level 8.1 Spellcasting
 - Level 0.8 Transmutations
 - Level 4.0 Air Magic
 + Level 8.7 Poison Magic


You had 12 spell levels left.
You knew the following spells:

 Your Spells              Type           Power        Failure   Level  Hunger
a - Sting                 Tmut/Pois      ####         1%          1    None
b - Poisonous Vapours     Pois/Air       ####..       1%          2    None
c - Mephitic Cloud        Conj/Pois/Air  ###.....     4%          3    None
g - Ignite Poison         Fire/Tmut/Pois ###.....     8%          3    None
h - Olgreb's Toxic Radia  Pois           #####...     2%          4    ###....

Your spell library contained the following spells:

 Spells                   Type           Power        Failure   Level  Hunger
 Eringya's Noxious Bog    Tmut/Pois      ####......   89%         6    ######.
 Irradiate                Conj/Tmut      #.........   91%         5    #####..
 Shatter                  Erth           #.........   100%        9    #######


Dungeon Overview and Level Annotations

Branches:
Dungeon (7/15)             Temple (0/1) D:4

Altars:
Ashenzari
Dithmenos
Fedhas
Kikubaaqudgha
Makhleb

Shops:
D:6 *

Annotations:
D:7 Harold


Innate Abilities, Weirdness & Mutations

You are too large for most types of armour.
You have tough skin. (AC +1)


Message History

You struggle against the net.
Harold hits you with a +0 battleaxe!
You struggle against the net.
Harold hits you with a +0 battleaxe!
You rip the net and break free!
Harold hits you with a +0 battleaxe!
* * * LOW HITPOINT WARNING * * *
Blink to where?
Press: ? - help, Dir - move target cursor, p - Harold You are very lightly contaminated with residual magic.
As you read the scroll of blinking, it crumbles to dust.
Casting: Poisonous Vapours (safe; 1% risk of failure)
Confirm with . or Enter, or press ? or * to list all spells.
Aiming: Mephitic Cloud (safe; 4% risk of failure)
Press: ? - help, Shift-Dir - straight line The ball explodes into a vile cloud!
You hear a croak.
Harold fires a harpoon shot at you. The harpoon shot hits you!
* * * LOW HITPOINT WARNING * * *
You are yanked forward by the harpoon shot.
Harold zaps a wand.
The bolt of acid hits you!!
You die...

####.####.#
#.......#.#
##.......#.#
..........#.#
##..........# [.
##........## ...
#.######.###....
#.######........
#...§@§@........
######..........
#..........
#######.... ####


You could see Harold.

Vanquished Creatures
  Pikel (D:4)
  Edmund (D:4)
  An orc warrior (D:3)
  A sky beast (D:5)
  A slave (D:4)
  An ice beast (D:5)
  2 ogres (D:5)
  4 centaurs
  3 bullfrogs
  A wyvern zombie (D:6)
  6 killer bees (D:7)
  3 electric eels (D:6)
  5 wights (D:6)
  2 howler monkeys (D:7)
  A vampire bat (D:4)
  4 crimson imps
  Crazy Yiuf (D:6)
  2 hounds (D:6)
  2 orc wizards
  A quasit (D:6)
  Terence (D:3)
  4 orc priests
  Jessica (D:3)
  A bullfrog skeleton (D:5)
  2 iguanas
  Ijyb (D:4)
  Natasha (thrice) (D:4)
  4 worker ants
  A worker ant zombie (D:6)
  Robin (D:4)
  A gnoll (D:1)
  8 adders
  2 oozes (D:1)
  An adder zombie (D:6)
  An adder skeleton (D:5)
  4 worms
  8 dart slugs
  7 leopard geckos
  17 orcs
  A ball python (D:2)
  3 bat skeletons (D:4)
  A bat zombie (D:4)
  7 giant cockroaches
  12 goblins
  9 hobgoblins
  2 jackals (D:4)
  A quokka (D:7)
  7 bats
  3 frilled lizards
  5 kobolds
  13 rats
175 creatures vanquished.

Notes
Turn   | Place    | Note
-------+----------+-------------------------------------------
     0 | D:1      | zorance the Ogre Venom Mage began the quest for the Orb.
     0 | D:1      | Reached XP level 1. HP: 16/16 MP: 3/3
   310 | D:1      | Reached XP level 2. HP: 24/24 MP: 3/5
   404 | D:1      | Learned a level 2 spell: Poisonous Vapours
   815 | D:1      | Reached XP level 3. HP: 31/31 MP: 4/7
   821 | D:1      | Learned a level 3 spell: Mephitic Cloud
  1911 | D:2      | Found a shadowy altar of Dithmenos.
  2293 | D:2      | Reached skill level 1 in Air Magic
  2338 | D:2      | Reached XP level 4. HP: 39/39 MP: 5/8
  2440 | D:2      | Learned a level 3 spell: Ignite Poison
  3436 | D:3      | Noticed Jessica
  3792 | D:3      | Noticed Terence
  4020 | D:3      | Killed Jessica
  4020 | D:3      | Reached XP level 5. HP: 40/45 MP: 3/10
  4281 | D:3      | Found a blossoming altar of Fedhas.
  4874 | D:3      | Killed Terence
  4967 | D:4      | Noticed Robin
  5093 | D:4      | Killed Robin
  5379 | D:4      | Found a shattered altar of Ashenzari.
  5382 | D:4      | Noticed Natasha
  5385 | D:4      | Killed Natasha
  5385 | D:4      | Reached XP level 6. HP: 53/53 MP: 4/11
  5396 | D:4      | Noticed Natasha
  5410 | D:4      | Killed Natasha
  5494 | D:4      | Became a worshipper of Ashenzari the Shackled
  5703 | D:4      | Noticed a slave
  5703 | D:4      | Noticed a slave
  5703 | D:4      | Noticed a slave
  5712 | D:4      | Noticed Pikel
  5714 | D:4      | Noticed a slave
  5739 | D:4      | Killed a slave
  5870 | D:4      | Found a staircase to the Ecumenical Temple.
  5870 | D:4      | Noticed an orc warrior
  5890 | D:3      | Killed an orc warrior
  5890 | D:3      | Reached skill level 5 in Poison Magic
  6245 | D:4      | Reached XP level 7. HP: 59/59 MP: 3/13
  6537 | D:4      | Found an ancient bone altar of Kikubaaqudgha.
  6860 | D:4      | Noticed Edmund
  6875 | D:4      | Killed Edmund
  6880 | D:4      | Noticed Natasha
  6883 | D:4      | Killed Natasha
  6901 | D:4      | Reached skill level 5 in Spellcasting
  6912 | D:4      | Noticed Ijyb
  7028 | D:4      | Killed Ijyb
  7444 | D:4      | Learned a level 4 spell: Olgreb's Toxic Radiance
  7503 | D:4      | Found a shattered altar of Ashenzari.
  7531 | D:4      | Killed Pikel
  7531 | D:4      | Reached XP level 8. HP: 67/67 MP: 3/17
  7802 | D:4      | Found a staircase to the Ecumenical Temple.
  8081 | D:4      | Found an ancient bone altar of Kikubaaqudgha.
  8255 | D:5      | Entered Level 5 of the Dungeon
  8844 | D:5      | Reached XP level 9. HP: 54/74 MP: 13/19
  9247 | D:5      | Reached skill level 1 in Fighting
  9247 | D:5      | Reached skill level 1 in Maces & Flails
  9387 | D:5      | Found a burning altar of Makhleb.
 10156 | D:6      | Found Xutoc's Assorted Antiques.
 10641 | D:6      | Identified the Compendium of the Ass
 11211 | D:6      | Found a runed translucent door.
 11212 | D:6      | Noticed Crazy Yiuf
 11218 | D:6      | Killed Crazy Yiuf
 11720 | D:7      | Reached XP level 10. HP: 63/93 MP: 11/22
 11721 | D:7      | Noticed Harold
 11776 | D:7      | Killed from afar by Harold

Levels and vault maps discovered:
D:1:      wander_arrival_peaceful_grave, layout_basic
D:2:      layout_basic, lemuel_doored_altar
D:3:      layout_basic, fedhas_ov_isle_minmay, serial_bayou,
          serial_bayou_pond_d, serial_bayou_shore_b, serial_bayou_pond_a,
          serial_bayou_pond_a, uniq_jessica, uniq_terence
D:4:      layout_loops_corners, kennysheep_vampire_church, ashenzari_altar_1,
          temple_fountains, uniq_natasha, uniq_edmund, uniq_ijyb, uniq_robin,
          uniq_pikel
D:5:      layout_loops_ring, lightli_temple_of_fire, first_ration
D:6:      kennysheep_slugbush, layout_cave_pods, serial_shops, shop,
          serial_bayou_pond_e, uniq_crazy_yiuf_cottage
D:7:      layout_rooms, ebering_ghost_rock_garden, serial_bayou_pond_c,
          uniq_harold

Skill      XL: |  1  2  3  4  5  6  7  8  9 |
---------------+----------------------------+-----
Poison Magic   | 3 4 5 7 8 |  8.7
Spellcasting   | 3 4 6 7 8 |  8.1
Air Magic      | 1 2 3 4 |  4.0
Fighting       | 4 |  4.3
Maces & Flails | 4 |  4.4
Dodging        | |  1.7
Stealth        | |  1.4
Transmutations | |  0.8

Action                   |  1- 3 |  4- 6 |  7- 9 | 10-12 || total
-------------------------+-------+-------+-------+-------++-------
Melee: Unarmed           |     6 |       |       |       ||     6
       Dagger            |       |    30 |       |       ||    30
       Rapier            |       |     8 |    28 |       ||    36
       Whip              |       |       |    89 |     1 ||    90
Throw: Stone             |    24 |     1 |     1 |       ||    26
 Cast: Sting             |    59 |    13 |       |       ||    72
       Poisonous Vapours |     2 |    92 |   120 |     1 ||   215
       Ignite Poison     |       |     1 |    17 |     2 ||    20
       Mephitic Cloud    |       |       |    22 |     2 ||    24
       Olgreb's Toxic Ra |       |       |     1 |       ||     1
  Use: Scroll            |       |       |     6 |     1 ||     7
  Eat: Chunk             |     4 |    13 |    11 |     1 ||    29
       Ration            |       |     1 |     2 |       ||     3
Armor: Robe              |     8 |     7 |    74 |     2 ||    91
Dodge: Dodged            |    29 |    23 |   130 |     4 ||   186

Table legend:
 A = Non-vault XP
 B = Vault XP
 C = Vault XP percentage of total XP
 D = Non-vault monster count
 E = Vault monster count
 F = Vault count percentage of total count
                 A         B        C        D         E       F
            +---------+---------+-------+---------+---------+-------
      Total |    3595 |    1134 |  24.0 |     146 |      28 |  16.1
            +---------+---------+-------+---------+---------+-------
        D:1 |      56 |       0 |   0.0 |      22 |       0 |   0.0
        D:2 |      64 |       0 |   0.0 |      25 |       0 |   0.0
        D:3 |     196 |      75 |  27.7 |      19 |       2 |   9.5
        D:4 |     296 |     989 |  77.0 |      21 |      18 |  46.2
        D:5 |     957 |       0 |   0.0 |      19 |       0 |   0.0
        D:6 |    1134 |      70 |   5.8 |      26 |       8 |  23.5
        D:7 |     892 |       0 |   0.0 |      14 |       0 |   0.0
            +---------+---------+-------+---------+---------+-------
